 Dungeon Crawl Stone Soup version 0.29.0-4-gdea44cf6ec (webtiles) character file.

Game seed: 11391563188170084627

2542 qw the Cleaver (level 9, 0/79 HPs)
             Began as a Minotaur Berserker on Sept 7, 2022.
             Was a Priest of Trog.
             Shot with an arrow by a centaur (2 damage)
             ... on level 7 of the Dungeon.
             The game lasted 00:02:21 (7138 turns).

qw the Cleaver (Minotaur Berserker)                 Turns: 7138, Time: 00:02:22

Health: 0/79       AC: 14    Str: 25    XL:     9   Next: 30%
Magic:  8/8        EV:  8    Int:  5    God:    Trog [***...]
Gold:   418        SH:  0    Dex: 14    Spells: 8/8 levels left

rFire   . . .      SeeInvis .   Y - +0 war axe (freeze)
rCold   . . .      Faith    .   (no shield)
rNeg    . . .      Spirit   .   b - +2 plate armour of Wu Jian, Changing {rPois Slay+3}
rPois   +          Reflect  .   (helmet restricted)
rElec   .          Harm     .   (no cloak)
rCorr   +          Rampage  .   (no gloves)
Will    .....                   (no boots)
Stlth   ..........              j - amulet of the Jackalope {Acrobat Int+2}
HPRegen 0.23/turn               r - ring of resist corrosion
MPRegen 0.11/turn               (no ring)

@: no status effects
A: horns 2, retaliatory headbutt, agile 1, wild magic 1
a: Renounce Religion, Berserk, Trog's Hand


You were on level 7 of the Dungeon.
You worshipped Trog.
Trog was most pleased with you.
You visited 1 branch of the dungeon, and saw 7 of its levels.

You collected 418 gold pieces.


Innate Abilities, Weirdness & Mutations

You have a pair of horns on your head.
You reflexively headbutt those who attack you in melee.
You are agile. (Dex +4, Str/Int -1)
Your spells are a little harder to cast, but a little more powerful.


   Skills:
 - Level 7.0 Fighting
 + Level 12.9 Axes
 - Level 1.2 Throwing
 - Level 5.2 Armour
 - Level 3.3 Dodging


You had 8 spell levels left.
You didn't know any spells.
Your spell library was empty.

Inventory:

Hand Weapons
 i - a +0 flail
 Y - a +0 war axe of freezing (weapon)
Missiles
 c - 3 boomerangs (quivered)
Armour
 b - the +2 plate armour of Wu Jian, Changing (worn) {rPois Slay+3}
   (You found it on level 2 of the Dungeon)

   Slay:      It affects your accuracy & damage with ranged weapons and melee
   (+3).
   rPois:     It protects you from poison.
 n - a +0 cloak
Jewellery
 d - an amulet of regeneration
 j - the amulet of the Jackalope (around neck) {Acrobat Int+2}
   (You found it on level 3 of the Dungeon)

   [amulet of the acrobat]

   It increases your evasion while moving and waiting.
   Int:       It affects your intelligence (+2).
 l - the amulet of Elemental Vulnerability {rPois rF-- rC-- AC+8}
   (You found it on level 7 of the Dungeon)

   [amulet of nothing]

   AC:        It affects your AC (+8).
   rF:        It makes you very vulnerable to fire.
   rC:        It makes you very vulnerable to cold.
   rPois:     It protects you from poison.
 r - a ring of resist corrosion (left hand)
Scrolls
 a - 5 scrolls of identify
 k - a scroll of enchant armour
 m - a scroll of silence {unknown}
Potions
 e - 5 potions of curing
 f - a potion of resistance
 g - 2 potions of might
 o - a potion of cancellation
 p - a potion of mutation

Dungeon Overview and Level Annotations

Branches:
Dungeon (7/15)             Temple (0/1) D:6

Altars:


Message History

The centaur shoots an arrow.
The arrow hits you.
You swing at nothing.
The centaur shoots an arrow.
The arrow closely misses you.
You swing at nothing.
The centaur shoots an arrow.
The arrow hits you.
You swing at nothing.
The centaur shoots an arrow.
The arrow hits you.
7128 ||| DRINKING potion of heal wounds.
You feel much better.
You swing at nothing.
An orc wizard appears from thin air!
Reactivating autopickup.
The centaur shoots an arrow.
The arrow hits you!
The centaur shoots an arrow.
The arrow hits you but does no damage. The orc wizard casts a spell at you.
The magic dart hits you.
The centaur shoots an arrow.
The arrow closely misses you.
The orc wizard points at you and mumbles some strange words.
You easily resist.
The centaur shoots an arrow.
The arrow hits you!
The centaur shoots an arrow.
The arrow completely misses you.
The centaur shoots an arrow.
The arrow closely misses you.
The orc wizard casts a spell.
The orc wizard flickers and vanishes!
The centaur shoots an arrow.
The arrow closely misses you.
The orc wizard mumbles some strange words.
The orc wizard flickers and vanishes!
The centaur shoots an arrow.
The arrow hits you!
The centaur shoots an arrow.
The arrow misses you.
A magic dart appears from out of thin air!
Deactivating autopickup; reactivate with Ctrl-A.
The magic dart hits you but does no damage.
You swing at nothing.
The centaur shoots an arrow.
The arrow barely misses you.
You swing at nothing.
The centaur shoots an arrow.
The arrow hits you.
You swing at nothing.
The centaur shoots an arrow.
The arrow hits you!
The centaur shoots an arrow.
The arrow hits you.
You die...

######.# #...##.#
#...##.# ####...##.#
####.........######
#.....(...........#
).#.....)...####.#
....###...#...###.##
...~~~~~~~~~~~~~@..##.##
..~~~~~~~~~~~~~.........
..~~~~~~~~~~~~~...##.###
..~~~oocc~~)~~~#### #
..~~~~~~~{~~~~~#
.#~~~~o..{~~~~~#
#~~~o~...~~~~~ ..~~~~~
~~~~~~~


You could see a centaur.

Vanquished Creatures
  Pikel (D:5)
  Menkaure (D:6)
  A water moccasin (D:6)
  A sky beast (D:7)
  An ogre (D:5)
  A centaur (D:7)
  2 lemures (D:5)
  2 kobold brigands (D:7)
  Blork the orc (D:6)
  A bullfrog (D:7)
  2 scorpions
  3 necrophages
  3 howler monkeys (D:7)
  5 hounds
  A jelly (D:6)
  An orc priest (D:4)
  2 gnoll boudas (D:6)
  3 iguanas (D:4)
  Terence (D:3)
  4 orc wizards
  21 gnolls
  7 adders
  2 shadow imps (D:6)
  3 white imps
  A worm (D:2)
  2 dart slugs
  19 orcs
  3 endoplasms
  A giant cockroach (D:2)
  7 goblins
  3 hobgoblins
  3 quokkas
  6 ball pythons
  5 bats
  A frilled lizard (D:3)
  19 kobolds
  3 rats
143 creatures vanquished.

Vanquished Creatures (others)
  An orc wizard (D:7)
  3 fungi (D:3)
4 creatures vanquished.

Grand Total: 147 creatures vanquished

Notes
Turn   | Place    | Note
-------+----------+-------------------------------------------
     0 | D:1      | qw the Minotaur Berserker began the quest for the Orb.
     0 | D:1      | Reached XP level 1. HP: 19/19 MP: 0/0
     0 | D:1      | 0 ||| qw: Version: 0.1-a-108-g9e35731
     0 | D:1      | 0 ||| qw: Game counter: 6435
     0 | D:1      | 0 ||| qw: Always use a shield: true
     0 | D:1      | 0 ||| qw: Do Orc after D:15 true
     0 | D:1      | 0 ||| qw: Do second Lair branch before Depths: true
     0 | D:1      | 0 ||| qw: Lair rune preference: random
     0 | D:1      | 0 ||| qw: Plans: Normal
     0 | D:1      | 0 ||| PLANNING D:1-11
   113 | D:1      | Reached skill level 4 in Axes
   270 | D:1      | 270 ||| UPGRADING to amulet of regeneration.
   280 | D:1      | Reached XP level 2. HP: 26/26 MP: 1/1
   311 | D:1      | 311 ||| READING 4 scrolls labelled CET LOVUPRI.
   581 | D:1      | 581 ||| UPGRADING to +0 chain mail.
   588 | D:1      | 588 ||| UPGRADING to +0 animal skin.
   593 | D:1      | 593 ||| UPGRADING to +0 chain mail.
   603 | D:1      | 603 ||| DROPPING +0 animal skin.
   812 | D:1      | 812 ||| DROPPING amulet of faith.
   813 | D:1      | 813 ||| READING scroll labelled FUWOIRO UDIRUID.
   814 | D:1      | 814 ||| DRINKING 2 sedimented brown potions.
   815 | D:1      | 815 ||| READING 3 scrolls of identify.
   815 | D:1      | 815 ||| IDENTIFYING puce potion
   889 | D:2      | Identified the +2 plate armour of Wu Jian, Changing {rPois
                  | Slay+3}
   982 | D:2      | 982 ||| INVOKING Berserk.
  1167 | D:2      | Reached skill level 5 in Axes
  1213 | D:2      | Reached XP level 3. HP: 31/31 MP: 2/2
  1285 | D:2      | 1285 ||| Stepping ~*~*~tactically~*~*~ (hiding).
  1625 | D:2      | 1625 ||| UPGRADING to +2 plate armour of Wu Jian, Changing
                  | {rPois Slay+3}.
  1635 | D:2      | 1635 ||| DROPPING +0 chain mail.
  1636 | D:2      | 1636 ||| READING scroll labelled OGIMEA INUEVE.
  1716 | D:3      | Noticed Terence
  1720 | D:3      | 1720 ||| Stepping ~*~*~tactically~*~*~ (stealth).
  1721 | D:3      | 1721 ||| Stepping ~*~*~tactically~*~*~ (stealth).
  1723 | D:3      | 1723 ||| Stepping ~*~*~tactically~*~*~ (hiding).
  1724 | D:3      | 1724 ||| INVOKING Berserk.
  1730 | D:3      | Killed Terence
  1735 | D:3      | Reached skill level 6 in Axes
  1735 | D:3      | Reached XP level 4. HP: 39/39 MP: 3/3
  1846 | D:3      | 1846 ||| DROPPING +0 whip.
  2023 | D:3      | Identified the amulet of the Jackalope {Acrobat Int+2}
  2299 | D:3      | Found a faded altar of an unknown god.
  2495 | D:3      | 2495 ||| DROPPING amulet of guardian spirit.
  2496 | D:3      | 2496 ||| UPGRADING to amulet of the Jackalope {Acrobat
                  | Int+2}.
  2506 | D:3      | 2506 ||| READING scroll labelled BOEWIULLAR.
  2507 | D:3      | 2507 ||| READING scroll labelled ZOILEFF NAMNY.
  2508 | D:3      | 2508 ||| READING scroll labelled WIJOAKO MYSHRU.
  2509 | D:3      | 2509 ||| READING scroll labelled RESMAA NYOBYL.
  2510 | D:3      | 2510 ||| READING 4 scrolls of identify.
  2510 | D:3      | 2510 ||| IDENTIFYING yellow potion
  2583 | D:4      | Reached ** piety under Trog
  2584 | D:4      | 2584 ||| INVOKING Berserk.
  2586 | D:4      | Reached skill level 7 in Axes
  2586 | D:4      | Reached XP level 5. HP: 45/45 MP: 4/4
  2590 | D:4      | Reached skill level 3 in Armour
  2748 | D:4      | 2748 ||| FLEEEEING.
  2749 | D:4      | 2749 ||| FLEEEEING.
  2750 | D:4      | 2750 ||| FLEEEEING.
  2751 | D:4      | 2751 ||| FLEEEEING.
  2759 | D:4      | 2759 ||| STAIRDANCE
  2788 | D:3      | 2788 ||| Stepping ~*~*~tactically~*~*~ (stealth).
  2853 | D:4      | Reached XP level 6. HP: 34/52 MP: 5/5
  3128 | D:4      | 3128 ||| Stepping ~*~*~tactically~*~*~ (stealth).
  3129 | D:4      | 3129 ||| Stepping ~*~*~tactically~*~*~ (stealth).
  3339 | D:4      | Reached skill level 8 in Axes
  3379 | D:4      | 3379 ||| DRINKING 3 green potions.
  3380 | D:4      | 3380 ||| READING 3 scrolls of identify.
  3380 | D:4      | 3380 ||| IDENTIFYING sapphire potion
  3381 | D:4      | 3381 ||| DROPPING potion of brilliance.
  3390 | D:5      | Entered Level 5 of the Dungeon
  3391 | D:5      | 3391 ||| PLANNING OSSUARY
  3397 | D:5      | 3397 ||| INVOKING Berserk.
  3411 | D:5      | 3411 ||| FLEEEEING.
  3412 | D:5      | 3412 ||| STAIRDANCE
  3460 | D:5      | 3460 ||| STAIRDANCE
  3464 | D:4      | Reached skill level 9 in Axes
  3466 | D:5      | 3466 ||| INVOKING Berserk.
  3470 | D:5      | Reached XP level 7. HP: 33/61 MP: 6/6
  3470 | D:5      | 3470 ||| STAIRDANCE
  3707 | D:5      | 3707 ||| Stepping ~*~*~tactically~*~*~ (hiding).
  3807 | D:5      | 3807 ||| Stepping ~*~*~tactically~*~*~ (stealth).
  3808 | D:5      | 3808 ||| Stepping ~*~*~tactically~*~*~ (stealth).
  3820 | D:5      | 3820 ||| FLEEEEING.
  3821 | D:5      | 3821 ||| FLEEEEING.
  3822 | D:5      | 3822 ||| FLEEEEING.
  3823 | D:5      | 3823 ||| FLEEEEING.
  3824 | D:5      | 3824 ||| FLEEEEING.
  3825 | D:5      | 3825 ||| FLEEEEING.
  3828 | D:5      | 3828 ||| FLEEEEING.
  3829 | D:5      | 3829 ||| FLEEEEING.
  3830 | D:5      | 3830 ||| FLEEEEING.
  3831 | D:5      | 3831 ||| FLEEEEING.
  3832 | D:5      | 3832 ||| FLEEEEING.
  3834 | D:5      | 3834 ||| FLEEEEING.
  3835 | D:5      | 3835 ||| STAIRDANCE
  3903 | D:5      | 3903 ||| STAIRDANCE
  3908 | D:5      | 3908 ||| Stepping randomly (disturbance).
  3960 | D:5      | 3960 ||| SWAPPING to +0 war axe.
  3961 | D:5      | 3961 ||| DROPPING +0 hand axe.
  3983 | D:5      | 3983 ||| Stepping ~*~*~tactically~*~*~ (stealth).
  4041 | D:5      | 4041 ||| RIP OSSUARY
  4057 | D:5      | 4057 ||| PLANNING D:1-11
  4123 | D:5      | Noticed Pikel
  4128 | D:5      | 4128 ||| INVOKING Berserk.
  4133 | D:5      | Killed Pikel
  4134 | D:5      | Reached skill level 11 in Axes
  4134 | D:5      | Reached XP level 8. HP: 68/68 MP: 7/7
  4536 | D:5      | 4536 ||| UPGRADING to ring of resist corrosion.
  4537 | D:5      | 4537 ||| READING scroll labelled YRAPNE PAXKUDD.
  4538 | D:5      | 4538 ||| DRINKING 2 murky sapphire potions.
  4538 | D:5      | Gained mutation: Armour fits poorly on your strangely
                  | shaped body. [potion of mutation]
  4539 | D:5      | 4539 ||| DRINKING potion of mutation.
  4539 | D:5      | Lost mutation: Armour fits poorly on your strangely shaped
                  | body. [potion of mutation]
  4539 | D:5      | Gained mutation: You are agile. (Dex +4, Str/Int -1)
                  | [potion of mutation]
  4539 | D:5      | Gained mutation: Your spells are a little harder to cast,
                  | but a little more powerful. [potion of mutation]
  4540 | D:5      | 4540 ||| READING 3 scrolls of identify.
  4540 | D:5      | 4540 ||| IDENTIFYING fizzy yellow potion
  4541 | D:5      | 4541 ||| READING 2 scrolls of identify.
  4541 | D:5      | 4541 ||| IDENTIFYING emerald potion
  4542 | D:5      | 4542 ||| DROPPING potion of berserk rage.
  4600 | D:6      | Noticed Blork the orc
  4603 | D:6      | 4603 ||| INVOKING Berserk.
  4606 | D:6      | Killed Blork the orc
  4622 | D:6      | 4622 ||| Stepping ~*~*~tactically~*~*~ (stealth).
  4623 | D:6      | 4623 ||| Stepping ~*~*~tactically~*~*~ (stealth).
  4627 | D:6      | 4627 ||| Stepping ~*~*~tactically~*~*~ (stealth).
  4628 | D:6      | 4628 ||| Stepping ~*~*~tactically~*~*~ (stealth).
  4634 | D:6      | 4634 ||| Stepping ~*~*~tactically~*~*~ (stealth).
  4635 | D:6      | 4635 ||| Stepping ~*~*~tactically~*~*~ (stealth).
  4636 | D:6      | 4636 ||| Stepping ~*~*~tactically~*~*~ (stealth).
  4755 | D:6      | 4755 ||| Stepping ~*~*~tactically~*~*~ (hiding).
  4912 | D:6      | Reached skill level 1 in Throwing
  4941 | D:6      | 4941 ||| INVOKING Berserk.
  4948 | D:6      | 4948 ||| Stepping ~*~*~tactically~*~*~ (stealth).
  4949 | D:6      | 4949 ||| Stepping ~*~*~tactically~*~*~ (stealth).
  4950 | D:6      | 4950 ||| Stepping ~*~*~tactically~*~*~ (stealth).
  5072 | D:6      | 5072 ||| Stepping ~*~*~tactically~*~*~ (stealth).
  5073 | D:6      | 5073 ||| Stepping ~*~*~tactically~*~*~ (stealth).
  5078 | D:6      | 5078 ||| Stepping ~*~*~tactically~*~*~ (hiding).
  5081 | D:6      | 5081 ||| INVOKING Berserk.
  5085 | D:6      | Reached skill level 6 in Fighting
  5137 | D:6      | 5137 ||| Stepping ~*~*~tactically~*~*~ (stealth).
  5138 | D:6      | 5138 ||| Stepping ~*~*~tactically~*~*~ (stealth).
  5158 | D:6      | 5158 ||| READING scroll of brand weapon.
  5158 | D:6      | 5158 ||| BRANDING +0 war axe of protection.
  5230 | D:6      | 5230 ||| Stepping ~*~*~tactically~*~*~ (stealth).
  5234 | D:6      | 5234 ||| Stepping ~*~*~tactically~*~*~ (stealth).
  5238 | D:6      | 5238 ||| INVOKING Berserk.
  5396 | D:6      | Noticed Menkaure
  5400 | D:6      | 5400 ||| INVOKING Berserk.
  5402 | D:6      | Killed Menkaure
  5403 | D:6      | Reached skill level 12 in Axes
  5551 | D:6      | 5551 ||| Stepping ~*~*~tactically~*~*~ (hiding).
  5552 | D:6      | 5552 ||| Stepping ~*~*~tactically~*~*~ (hiding).
  5820 | D:6      | 5820 ||| Stepping ~*~*~tactically~*~*~ (hiding).
  5930 | D:6      | 5930 ||| Stepping ~*~*~tactically~*~*~ (stealth).
  6060 | D:6      | Found a staircase to the Ecumenical Temple.
  6089 | D:6      | 6089 ||| READING scroll labelled OGAOKI MOVIU.
  6249 | D:6      | 6249 ||| READING scroll labelled KASTRY EPRIO.
  6253 | D:6      | 6253 ||| READING scroll labelled KERUPASK PAINT.
  6254 | D:6      | 6254 ||| READING 3 scrolls of identify.
  6254 | D:6      | 6254 ||| IDENTIFYING fuming grey potion
  6255 | D:6      | 6255 ||| DROPPING potion of magic.
  6279 | D:7      | Reached *** piety under Trog
  6280 | D:7      | Reached XP level 9. HP: 71/78 MP: 8/8
  6314 | D:7      | 6314 ||| Stepping ~*~*~tactically~*~*~ (stealth).
  6319 | D:7      | 6319 ||| Stepping ~*~*~tactically~*~*~ (stealth).
  6335 | D:7      | Reached skill level 3 in Dodging
  6342 | D:7      | 6342 ||| Stepping ~*~*~tactically~*~*~ (stealth).
  6508 | D:7      | Found the amulet of Elemental Vulnerability {rPois rF--
                  | rC-- AC+8}
  6559 | D:7      | 6559 ||| Stepping ~*~*~tactically~*~*~ (hiding).
  6820 | D:7      | 6820 ||| FLEEEEING.
  6821 | D:7      | 6821 ||| FLEEEEING.
  6822 | D:7      | 6822 ||| FLEEEEING.
  6823 | D:7      | 6823 ||| FLEEEEING.
  6824 | D:7      | 6824 ||| FLEEEEING.
  6927 | D:7      | 6927 ||| FLEEEEING.
  7005 | D:7      | 7005 ||| FLEEEEING.
  7043 | D:7      | 7043 ||| FLEEEEING.
  7044 | D:7      | 7044 ||| FLEEEEING.
  7121 | D:7      | 7121 ||| FLEEEEING.
  7122 | D:7      | HP: 13/79 [something (9)]
  7122 | D:7      | HP: 6/79 [centaur/arrow (7)]
  7123 | D:7      | 7123 ||| DRINKING 2 potions of heal wounds.
  7127 | D:7      | HP: 17/79 [centaur/arrow (3)]
  7128 | D:7      | 7128 ||| DRINKING potion of heal wounds.
  7134 | D:7      | HP: 13/79 [centaur/arrow (7)]
  7138 | D:7      | HP: 2/79 [centaur/arrow (8)]
  7138 | D:7      | Shot with an arrow by a centaur

Levels and vault maps discovered:
D:1:      eino_arrival_druids_welcome, layout_basic, serial_glass,
          glass_columns_a, glass_columns_a, glass_columns_a, glass_columns_a,
          glass_columns_c, glass_columns_a, glass_columns_b, glass_columns_a,
          glass_columns_b, glass_columns_a, due_unseen_surprise,
          minmay_strange_pillars, feat_on_display, minmay_door_square
D:2:      layout_basic
D:3:      layout_basic, dreamdust_ecumenical_altar_hidden_monk_grotto,
          uniq_terence
D:4:      layout_cave_pools
D:5:      layout_gridville, serial_bayou, serial_bayou_pond_d,
          serial_bayou_shore_b, serial_bayou_shore_a, serial_bayou_pond_a,
          serial_bayou_pond_d, serial_bayou_shore_b,
          chequers_ossuary_entry_cave, uniq_pikel
D:6:      layout_loops_ring, minmay_temple_entry_poolview, minivault_1,
          solitary_fountain, nrook_mini_vaults, minivault_4,
          chequers_serial_rivers_micro_a, kennysheep_generic_room_12,
          uniq_menkaure, uniq_blork_the_orc
D:7:      nicolae_whirlpool, layout_loops_corners, minivault_24

Skill      XL: |  1  2  3  4  5  6  7  8  9 |
---------------+----------------------------+-----
Axes           | 4 5 6 7 9 11 12 | 12.9
Armour         | 3 5 |  5.2
Fighting       | 4 5 6 7 |  7.0
Throwing       | 1 |  1.2
Dodging        | 3 |  3.3

Action                   |  1- 3 |  4- 6 |  7- 9 || total
-------------------------+-------+-------+-------++-------
Melee: Hand axe          |    59 |    77 |    27 ||   163
       Headbutt          |     4 |    11 |    16 ||    31
       Punch             |       |     1 |     2 ||     3
       War axe           |       |       |   127 ||   127
Throw: Boomerang         |       |       |    42 ||    42
Invok: Berserk           |     2 |     3 |     6 ||    11
  Use: Scroll            |     4 |     6 |     8 ||    18
       Potion            |     1 |     1 |     4 ||     6
Armor: Animal skin       |     4 |       |       ||     4
       Chain mail        |    13 |       |       ||    13
       Plate armour      |     4 |    29 |    82 ||   115
Dodge: Dodged            |    21 |    28 |   110 ||   159

Table legend:
 A = Non-vault XP
 B = Vault XP
 C = Vault XP percentage of total XP
 D = Non-vault monster count
 E = Vault monster count
 F = Vault count percentage of total count
                 A         B        C        D         E       F
            +---------+---------+-------+---------+---------+-------
      Total |    2624 |    1008 |  27.8 |     137 |       4 |   2.8
            +---------+---------+-------+---------+---------+-------
        D:1 |      22 |       0 |   0.0 |      13 |       0 |   0.0
        D:2 |      26 |       0 |   0.0 |      14 |       0 |   0.0
        D:3 |      79 |      36 |  31.3 |      11 |       1 |   8.3
        D:4 |     436 |       0 |   0.0 |      24 |       0 |   0.0
        D:5 |     387 |     706 |  64.6 |      21 |       1 |   4.5
        D:6 |     826 |     266 |  24.4 |      28 |       2 |   6.7
        D:7 |     848 |       0 |   0.0 |      26 |       0 |   0.0
            +---------+---------+-------+---------+---------+-------
